AoeStats
← Ignaciorto

Arabia

505379168Analyzed
1v1 RM · 24d ago on Sep 9, 2026· 35m 9s· 2 players
Game mode
Random Map
Map size
Tiny (2 player)
Population
200
Speed
Normal
Resources
Standard
Victory
Conquest
Starting age
Dark Age
Ending age
Imperial Age
RankedLock teamsTeams togetherTeam positionsShared explorationLock speedFull tech treeHidden civsTurbo modeCheats
Victory
Defeat
🇲🇽 Turks · Mexico
981
+15
🇦🇷 Inca · Argentina
955
-44
Ignaciorto
8:27 Loom
11:22 Feudal Age
11:44 Horse Collar
11:50 Double-Bit Axe
21:40 Forging
21:31 Scale Mail Armor
28:06 Castle Age
28:25 Pikeman
29:44 Chain Mail Armor
HANAMICHI
2:14 Loom
10:22 Feudal Age
15:17 Wheelbarrow
17:16 Double-Bit Axe
20:12 Castle Age
19:23 Scale Barding Armor
20:22 Forging
21:52 Iron Casting
24:12 Hand Cart
24:53 Stone Mining
26:47 Gold Mining
28:21 Gold Shaft Mining
30:41 Chain Barding Armor
30:49 Bow Saw
33:27 Imperial Age
34:17 Ballistics
33:38 Treadmill Crane
35:19 Blast Furnace
34:54 Plate Barding Armor
35:25 Town Watch
Connection lost

Rejoining the realm…

Still unreachable

The connection could not be restored.

Session expired

The server has moved on; the page needs a fresh start.